 Dungeon Crawl Stone Soup version 0.27.1-1-g398f81649c (webtiles) character file.

Game seed: 5694354639160436042

539 acemry the Stinger (level 7, 0/43 HPs)
             Began as an Octopode Transmuter on Sept 9, 2021.
             Slain by an ice beast (6 damage)
             ... on level 5 of the Dungeon.
             The game lasted 00:09:52 (6221 turns).

acemry the Stinger (Octopode Transmuter)            Turns: 6221, Time: 00:09:52

Health: 0/43       AC:  2    Str:  9    XL:     7   Next: 26%
Magic:  7/10       EV: 19    Int: 18    God:
Gold:   225        SH:  0    Dex: 17    Spells: 2/10 levels left

rFire    . . .     SeeInvis +     - Unarmed
rCold    . . .     Faith    .   (shield currently unavailable)
rNeg     + . .     Spirit   .   (helmet currently unavailable)
rPois    x         Reflect  .   (no amulet)
rElec    .         Harm     .   g - ring of see invisible
rCorr    .         Rampage  .   l - ring of positive energy
Will     .....                  (no ring)
Stlth    +++.......             (no ring)
HPRegen  0.14/turn              (no ring)
MPRegen  0.12/turn              (no ring)
                                (no ring)
                                (no ring)

@: spider-form
A: venomous fangs, almost no armour, (amphibious), 8 rings, tiny, (camouflage
1), (gelatinous body 1), (nimble swimmer 1), (tentacles)
a: End Transformation


You were on level 5 of the Dungeon.
You were a venomous arachnid creature.
You visited 1 branch of the dungeon, and saw 5 of its levels.

You collected 225 gold pieces.

Inventory:

Hand Weapons
 a - a +0 dagger
Magical Staves
 c - a staff of poison (melded)
Jewellery
 g - a ring of see invisible (left front leg)
 l - a ring of positive energy (right front leg)
Scrolls
 d - 2 scrolls of amnesia
 e - 2 scrolls of identify
 i - 2 scrolls of fog
 n - a scroll of teleportation
 o - a scroll of blinking {unknown}
Potions
 b - 2 potions of cancellation {unknown}
 f - 2 potions of curing {unknown}
 h - 2 potions of attraction {unknown}
 j - a potion of lignification {unknown}
 k - a potion of ambrosia {unknown}
 m - a potion of magic {unknown}
 p - a potion of might {unknown}


   Skills:
 - Level 1.0 Fighting
 - Level 2.0 Dodging
 + Level 4.4 Stealth
 - Level 3.2 Unarmed Combat
 - Level 2.0 Spellcasting
 + Level 3.5 Transmutations
 + Level 6.7 Poison Magic


You had 2 spell levels left.
You knew the following spells:

 Your Spells              Type           Power      Damage    Failure   Level
a - Beastly Appendage     Tmut           28%        N/A       13%         1
b - Spider Form           Tmut/Pois      10%        N/A       17%         3
c - Ice Form              Ice/Tmut       8%         N/A       83%         4

Your spell library contained the following spells:

 Spells                   Type           Power      Damage    Failure   Level
 Wereblood                Tmut           14%        N/A       17%         2
 Passwall                 Tmut/Erth      6%         N/A       30%         2
 Apportation              Tloc           2%         N/A       38%         1
 Sandblast                Erth           2%         2d4       38%         1
 Dazzling Flash           Conj/Hex       2%         N/A       69%         3
 Alistair's Intoxication  Tmut/Pois      13%        N/A       73%         5
 Agony                    Necr           1%         N/A       100%        5
 Lee's Rapid Deconstruct  Erth           0%         3d5*      100%        5
 Silence                  Hex/Air        0%         N/A       100%        5
 Invisibility             Hex            0%         N/A       100%        6


Dungeon Overview and Level Annotations

Branches:
Dungeon (5/15)
 Temple: D:4-7

Altars:
Ashenzari
Hepliaklqana
Sif Muna
Uskayaw
Vehumet


Innate Abilities, Weirdness & Mutations

You are a venomous arachnid creature.
You have poisonous fangs.
You are tiny and dextrous.
Your spellcasting is less reliable in this form.
Your armour is entirely melded.
You are incapable of wielding weapons or throwing items.
You cannot wear most types of armour.
((You are amphibious.))
You can wear up to eight rings at the same time.
((Your skin changes colour to match your surroundings (Stealth+).))
((Your rubbery body absorbs attacks. (AC +1, EV +1)))
((You are camouflaged near water. (Stealth+)))
((You have tentacles for arms and can constrict up to eight enemies at once.))


Message History

The adder closely misses you. The adder completely misses you.
You hit the adder.
The adder is severely wounded.
The adder misses you.
You hit the adder.
The adder is poisoned.
The adder is severely wounded.
The adder misses you.
You hit the adder.
You kill the adder!
No target in view!
Your transformation is almost over.
Magic restored.
i - 2 scrolls of fog (gained 1)
Your transformation has ended.
Your staff of poison unmelds from your body.
Found a dark potion.
p - a dark potion
Found 14 gold pieces.
Found a cyan potion and a pair of gloves.
Found a book of the Earth.
A black bear comes into view.
An ice beast comes into view.
You feel a surge of power!
You turn into a venomous arachnid creature.
Your staff of poison melds into your body.
You hit the ice beast.
The ice beast is poisoned.
The ice beast is lightly wounded.
The ice beast hits you. The ice beast freezes you!
You hit the ice beast.
The ice beast is heavily wounded.
The ice beast completely misses you.
You hit the ice beast.
The ice beast is severely wounded.
The ice beast hits you. The ice beast freezes you!
* * * LOW HITPOINT WARNING * * *
You hit the ice beast.
The ice beast is almost dead.
The ice beast hits you.
* * * LOW HITPOINT WARNING * * *
The ice beast freezes you.
You die...

.#....# .. #..#.# #####.#
#[##.#.#
....#.######!...#.#
....#.....#####...#####
.....####.#####........
Pā‰ˆā‰ˆ..#............#####
.....#.#########..####
.......# #Y....# #..āŒ ...#
#s.##.# .....### #..# #
...### #.... ..# ###.## ..#
.. <.# .## ..# .# #.# .#


You could see an ice beast (very poisoned).

Vanquished Creatures
  2 ogres
  A centaur (D:5)
  A bullfrog (D:4)
  A scorpion (D:4)
  Jessica (D:3)
  An iguana (D:5)
  3 adders
  2 dart slugs
  6 orcs
  6 ball pythons
  3 endoplasms
  3 giant cockroaches
  10 goblins
  11 hobgoblins
  8 jackals
  6 quokkas
  8 bats
  5 frilled lizards
  5 kobolds
  8 rats
91 creatures vanquished.

Vanquished Creatures (others)
  3 fungi (D:2)
  A plant (D:2)
4 creatures vanquished.

Grand Total: 95 creatures vanquished

Notes
Turn   | Place    | Note
-------+----------+-------------------------------------------
     0 | D:1      | acemry the Octopode Transmuter began the quest for the Orb.
     0 | D:1      | Reached XP level 1. HP: 13/13 MP: 3/3
   256 | D:1      | Reached skill level 1 in Stealth
   496 | D:1      | Reached XP level 2. HP: 10/18 MP: 3/5
  1036 | D:1      | Reached XP level 3. HP: 23/23 MP: 4/6
  1960 | D:1      | Identified a scroll of acquirement
  1960 | D:1      | Acquired a staff of poison
  2035 | D:2      | Learned a level 3 spell: Spider Form
  2429 | D:2      | Found a faded altar of an unknown god.
  2669 | D:2      | Reached XP level 4. HP: 27/28 MP: 5/7
  3047 | D:3      | Reached skill level 1 in Poison Magic
  3249 | D:3      | Found a shimmering blue altar of Sif Muna.
  3274 | D:3      | Noticed Jessica
  3281 | D:3      | Killed Jessica
  3282 | D:3      | Reached skill level 2 in Poison Magic
  3542 | D:3      | Reached skill level 3 in Poison Magic
  3945 | D:3      | Reached XP level 5. HP: 33/33 MP: 6/8
  4213 | D:4      | Found a broken altar of Ashenzari.
  4224 | D:4      | Found a hide-covered altar of Uskayaw.
  4268 | D:4      | Reached skill level 4 in Poison Magic
  4665 | D:4      | Found a hazy altar of Hepliaklqana.
  4711 | D:4      | Found a radiant altar of Vehumet.
  4711 | D:4      | Noticed an ogre
  4716 | D:4      | Reached skill level 5 in Poison Magic
  4716 | D:4      | Reached XP level 6. HP: 38/38 MP: 5/9
  4725 | D:4      | Reached skill level 6 in Poison Magic
  5432 | D:5      | Entered Level 5 of the Dungeon
  5813 | D:5      | Reached XP level 7. HP: 25/43 MP: 8/10
  6001 | D:5      | Learned a level 4 spell: Ice Form
  6221 | D:5      | Slain by an ice beast

Illustrated notes

Levels and vault maps discovered:
D:1:      psy_arrival_wood_between_worlds, layout_basic, minmay_tetromino_s2
D:2:      layout_loops_ring, shapermc_ecumenical_altar_acropolis,
          chequers_serial_rivers_micro_d
D:3:      layout_basic, mainiacjoe_overflow_catwalk, uniq_jessica
D:4:      corexii_shack_village, layout_basic, mainiacjoe_overflow_big_doors,
          mainiacjoe_overflow_catch_the_wave
D:5:      layout_basic, tso_oasis_becter, serial_shops, kennysheep_mini

Skill      XL: |  1  2  3  4  5  6 |
---------------+-------------------+-----
Stealth        | 1 2 3 4 |  4.4
Transmutations | 3 |  3.5
Poison Magic   | 3 5 6 |  6.7
Fighting       | |  1.0
Dodging        | |  2.0
Unarmed Combat | |  3.2
Spellcasting   | |  2.0

Action                   |  1- 3 |  4- 6 |  7- 9 || total
-------------------------+-------+-------+-------++-------
Melee: Dagger            |    87 |    66 |       ||   153
       Constrict         |    25 |    20 |       ||    45
       Kick              |    20 |    16 |       ||    36
       Tentacles         |    12 |    10 |       ||    22
       Punch             |     2 |     2 |       ||     4
       Unarmed           |     1 |    38 |    18 ||    57
       Staff             |       |     2 |       ||     2
 Cast: Beastly Appendage |    29 |    20 |       ||    49
       Spider Form       |       |    14 |     2 ||    16
  Use: Scroll            |     4 |     4 |       ||     8
 Stab: Sleeping          |     6 |    12 |       ||    18
Armor: Skin              |     8 |     6 |     1 ||    15
Dodge: Dodged            |    47 |    62 |    20 ||   129
